 Dungeon Crawl Stone Soup version 0.18-a0-917-g8a3da5b (webtiles) character file.

266 cluie the Conjurer (level 6, 29/41 HPs)
             Began as a Demonspawn Fire Elementalist on Dec 26, 2015.
             Quit the game on level 4 of the Dungeon.
             The game lasted 00:04:50 (2920 turns).

cluie the Conjurer (Demonspawn Fire Elementalist)   Turns: 2920, Time: 00:04:50

Health: 29/41      AC:  7    Str:  8    XL:     6   Next: 0%
Magic:  6/10       EV: 12    Int: 18    God:
Gold:   133        SH:  0    Dex: 14    Spells: 2 memorised, 7 levels left

rFire  . . .     SeeInvis .     h - +2 dagger (venom)
rCold  . . .     Gourm    .     a - +1 robe
rNeg   . . .     Faith    .     (no shield)
rPois  +         Spirit   .     (helmet restricted)
rElec  .         Dismiss  .     (no cloak)
rCorr  +         Reflect  .     (no gloves)
SustAt .         Harm     .     (no boots)
MR     +....                    (no amulet)
Stlth  ++........               f - ring of protection from magic
                                d - ring of poison resistance

@: somewhat resistant to hostile enchantments, unstealthy
A: horns 1, yellow scales 3, rot immunity
a: no special abilities


You were on level 4 of the Dungeon.
You were hungry.

You visited 1 branch of the dungeon, and saw 4 of its levels.

You collected 133 gold pieces.

Inventory:

Hand Weapons
 h - a +2 dagger of venom (weapon)
Missiles
 s - 5 javelins of returning (quivered)
Armour
 a - a +1 robe (worn)
Jewellery
 d - a ring of poison resistance (left hand)
 e - an uncursed ring of ice
 f - a ring of protection from magic (right hand)
Wands
 i - a wand of teleportation (4/9)
 n - a wand of heal wounds (2/9)
Scrolls
 g - a scroll of recharging
 j - a scroll of amnesia
 k - a scroll of enchant armour
 l - 2 scrolls of fog {unknown}
Potions
 t - a potion of lignification
Books
 b - a book of Flames

   Spells                             Type                      Level
   a - Flame Tongue                   Conjuration/Fire             1
   b - Throw Flame                    Conjuration/Fire             2
   c - Conjure Flame                  Conjuration/Fire             3
   d - Inner Flame                    Hexes/Fire                   3
   e - Sticky Flame                   Conjuration/Fire             4
   f - Fireball                       Conjuration/Fire             5
Comestibles
 c - 5 bread rations
 m - a beef jerky
 o - 2 meat rations


   Skills:
 - Level 1.7 Dodging
 - Level 1.7 Stealth
 + Level 3.0 Spellcasting
 * Level 4.2 Conjurations
 + Level 4.0 Fire Magic


You had 7 spell levels left.
You knew the following spells:

 Your Spells              Type           Power        Failure   Level  Hunger
a - Flame Tongue          Conj/Fire      ###..        3%          1    None
b - Conjure Flame         Conj/Fire      ###.....     12%         3    ###....


Dungeon Overview and Level Annotations

Branches:
Dungeon (4/15)
 Temple: D:4-7

Altars:


Innate Abilities, Weirdness & Mutations

You have a pair of small horns on your head.
You are completely covered in yellow scales (AC +4, rCorr).
You are immune to rotting.


Message History

Confirm with . or Enter, or press ? or * to list all spells.
Aiming: Flame Tongue
Press: ? - help, Shift-Dir - straight line, f/p - giant frog skeleton
Aim: a giant frog skeleton The flame tongue hits the giant frog skeleton.
The giant frog skeleton hits you.
Casting: Flame Tongue
Confirm with . or Enter, or press ? or * to list all spells.
Aiming: Flame Tongue
Press: ? - help, Shift-Dir - straight line, f/p - giant frog skeleton
Aim: a giant frog skeleton The flame tongue hits the giant frog skeleton.
You destroy the giant frog skeleton!
You have reached level 6!
Your experience leads to an increase in your attributes!
Increase (S)trength, (I)ntelligence, or (D)exterity?
You feel clever.
Your demonic ancestry asserts itself...
You feel immune to rotting.
Okay, then.
Are you sure you want to abandon this character and quit the game? (Confirm with "yes".)

#.##.###.#
#. #.# #.#
#.# #.#
#.# #.# #.
#.# #. #.#
#.# #.#
#@# #.#
#.# #..
#.# ###


There were no monsters in sight!

Vanquished Creatures
  A scorpion (D:4)
  2 worker ants (D:4)
  A giant frog skeleton (D:4)
  Robin (D:3)
  4 adders
  2 oozes
  2 worms
  3 ball pythons
  6 bats
  6 giant cockroaches
  13 hobgoblins
  9 jackals
  4 kobolds
  4 quokkas
  2 giant geckos
  A giant gecko skeleton (D:4)
  4 giant newts
  13 goblins
  A jackal skeleton (D:4)
  7 rats
86 creatures vanquished.

Vanquished Creatures (others)
  4 toadstools (D:1)
4 creatures vanquished.

Grand Total: 90 creatures vanquished

Notes
Turn   | Place    | Note
--------------------------------------------------------------
     0 | D:1      | cluie the Demonspawn Fire Elementalist began the quest for the Orb.
     0 | D:1      | Reached XP level 1. HP: 13/13 MP: 3/3
   288 | D:1      | Gained mutation: You are partially covered in yellow scales (AC +2). [demonic ancestry]
   288 | D:1      | Reached XP level 2. HP: 14/19 MP: 5/5
   443 | D:1      | Reached skill level 3 in Fire Magic
   894 | D:2      | Found a faded altar to an unknown god.
   913 | D:2      | Gained mutation: You are mostly covered in yellow scales (AC +3). [demonic ancestry]
   913 | D:2      | Reached XP level 3. HP: 15/24 MP: 6/6
  1005 | D:2      | Learned a level 3 spell: Conjure Flame
  1530 | D:3      | Gained mutation: You have a pair of small horns on your head. [demonic ancestry]
  1530 | D:3      | Reached XP level 4. HP: 28/30 MP: 2/7
  2341 | D:4      | Noticed Robin
  2611 | D:3      | Killed Robin
  2611 | D:3      | Gained mutation: You are completely covered in yellow scales (AC +4, rCorr). [demonic ancestry]
  2611 | D:3      | Reached XP level 5. HP: 21/35 MP: 1/8
  2665 | D:4      | Reached skill level 4 in Conjurations
  2919 | D:4      | Gained mutation: You are immune to rotting. [demonic ancestry]
  2919 | D:4      | Reached XP level 6. HP: 29/41 MP: 6/10
  2920 | D:4      | Quit the game

Vault maps used:
D:1:      ldierk_walled_garden_2, serial_glass, glass_columns_a,
          glass_columns_b, glass_columns_c, glass_columns_b, glass_columns_a,
          kennysheep_decorative_pillar
D:2:      ecumenical_altar_1, minmay_misc_feat_rows, minivault_27,
          minmay_misc_feat_four_crosses
D:4:      first_bread, uniq_robin

Action                   |  1- 3 |  4- 6 || total
-------------------------+-------+-------++-------
Melee: Short sword       |    10 |       ||    10
       Unarmed           |     8 |       ||     8
       Dagger            |    87 |   112 ||   199
 Cast: Flame Tongue      |    10 |    12 ||    22
  Use: Potion            |       |     3 ||     3
       Scroll            |       |     9 ||     9
 Stab: Sleeping          |     5 |     4 ||     9
       Distracted        |       |     1 ||     1
  Eat: Chunk             |     2 |     4 ||     6
